 Dungeon Crawl Stone Soup version 0.26-a0-50-gc4d14cd (webtiles) character file.

Game seed: 5659209757466581458

475 robertstho the Skirmisher (level 7, -9/55 HPs)
             Began as a Formicid Abyssal Knight on June 4, 2020.
             Was a Believer of Lugonu.
             Mangled by an ice beast (12 damage)
             ... on level 7 of the Dungeon.
             The game lasted 00:06:23 (3868 turns).

robertstho the Skirmisher (Formicid Abyssal Knight) Turns: 3868, Time: 00:06:23

Health: -9/55      AC:  9    Str: 19    XL:     7   Next: 32%
Magic:  9/9        EV:  8    Int: 11    God:    Lugonu [**....]
Gold:   241        SH:  0    Dex: 10    Spells: 6/6 levels left

rFire    . . .     SeeInvis +   a - +2 hand axe
rCold    . . .     Gourm    .   (no shield)
rNeg     . . .     Faith    .   g - +0 chain mail
rPois    +         Spirit   .   (helmet unavailable)
rElec    .         Reflect  .   (no cloak)
rCorr    .         Harm     .   (no gloves)
MR       .....                  (no boots)
Stlth    ..........             f - amulet of regeneration
HPRegen  0.58/turn              b - ring of poison resistance
MPRegen  0.11/turn              (no ring)

@: no status effects
A: permanent stasis, dig shafts and tunnels, four strong arms, antennae 3
a: Dig, Shaft Self, Depart the Abyss, Bend Space, Renounce Religion


You were on level 7 of the Dungeon.
You worshipped Lugonu.
Lugonu was pleased with you.
You were hungry.

You visited 1 branch of the dungeon, and saw 6 of its levels.
You visited the Abyss 1 time.

You collected 241 gold pieces.

Inventory:

Hand Weapons
 a - a +2 hand axe (weapon)
Missiles
 e - 3 datura-tipped darts (quivered)
Armour
 g - a +0 chain mail (worn)
Jewellery
 b - a ring of poison resistance (left hand)
 f - an amulet of regeneration (around neck)
Scrolls
 d - a scroll of teleportation {unknown}
 h - a scroll of magic mapping
 i - a scroll of enchant weapon
 j - a scroll of remove curse
 m - a scroll of identify
Comestibles
 c - 6 rations
 k - a chunk of flesh


   Skills:
 * Level 4.9 Fighting
 * Level 4.9 Axes
 * Level 4.4 Armour
 + Level 1.4 Dodging
 + Level 0.3 Stealth
 * Level 3.3 Invocations


You had 6 spell levels left.
You didn't know any spells.
Your spell library was empty.

Dungeon Overview and Level Annotations

Branches:
Dungeon (5/15)             Temple (0/1) D:5

Altars:
Dithmenos
The Shining One

Shops:
D:4 =

Annotations:
D:4 1 runed translucent door 443 ring, YayAnonymity's ghost, novice DsMo


Innate Abilities, Weirdness & Mutations

You cannot be hasted, slowed, berserked, paralysed or teleported.
You can dig through walls and to a lower floor.
Your four strong arms can wield two-handed weapons with a shield.
You have a pair of large antennae on your head. (SInv)


Message History

The ice beast is heavily wounded.
The ice beast barely misses you.
You hit the ice beast.
The ice beast is severely wounded.
The ice beast hits you but does no damage.
You hit the ice beast.
The ice beast is severely wounded.
The ice beast hits you but does no damage.
You hit the ice beast.
The ice beast is almost dead.
The ice beast hits you.
* * * LOW HITPOINT WARNING * * *
The ice beast freezes you!
* * * LOW HITPOINT WARNING * * *
You completely miss the ice beast.
The ice beast is almost dead.
The ice beast hits you.
* * * LOW HITPOINT WARNING * * *
The ice beast freezes you!
You die...

##########********
#).......[,,,,,,,*
#.@Y......,,,,,*,*
****##########****,*,**
*,,,,,,,,,,,,,,,,,,,,,,
**,*****,,,,,,,,***,,**
*,,,,,,,,,,,,,,,,,,,,,*
**,,****,,,,,,,,,,,,,,,
*,,* *,,,,,,,,,*,,,<*
*,,* *,,,,,,,,,*,,,,*
*,,* *,,,,,,,,,**,*,*


You could see an ice beast.

Vanquished Creatures
  An ogre (D:5)
  A howler monkey (D:5)
  A crimson imp (D:5)
  A bullfrog zombie (D:5)
  2 iguanas (D:5)
  2 orc wizards (D:5)
  2 worker ants (D:4)
  A hound zombie (D:5)
  A hound skeleton (D:4)
  A howler monkey skeleton (D:4)
  2 adders (D:5)
  An adder zombie (D:5)
  2 worms
  A dart slug (D:1)
  4 leopard geckos
  5 orcs (D:5)
  A giant cockroach (D:1)
  8 goblins
  3 hobgoblins
  7 jackals
  3 quokkas
  A ball python (D:1)
  4 bats
  2 frilled lizards (D:1)
  9 kobolds
  A leopard gecko skeleton (D:4)
  5 rats
72 creatures vanquished.

Vanquished Creatures (others)
  4 toadstools (D:1)
4 creatures vanquished.

Grand Total: 76 creatures vanquished

Notes
Turn   | Place    | Note
-------+----------+-------------------------------------------
     0 | Abyss:1  | robertstho the Formicid Abyssal Knight began the quest for
                  | the Orb.
     0 | Abyss:1  | Reached XP level 1. HP: 18/18 MP: 2/2
    54 | Abyss:1  | Noticed a wretched star
    55 | Abyss:1  | Noticed a ynoxinul
    61 | D:1      | Escaped the Abyss
   270 | D:1      | Reached * piety under Lugonu
   270 | D:1      | Reached XP level 2. HP: 12/24 MP: 3/3
   597 | D:1      | Reached skill level 1 in Dodging
   665 | D:1      | Reached XP level 3. HP: 27/30 MP: 4/4
  1698 | D:2      | Reached ** piety under Lugonu
  1990 | D:2      | Reached XP level 4. HP: 30/37 MP: 5/5
  2408 | D:3      | You fall into a shaft and drop 2 floors!
  2408 | D:5      | Entered Level 5 of the Dungeon
  2815 | D:4      | Noticed YayAnonymity's ghost (novice DsMo)
  2817 | D:4      | Found a runed translucent door.
  2907 | D:4      | Found Epex's Jewellery Shop.
  2917 | D:4      | Reached XP level 5. HP: 36/42 MP: 6/6
  2935 | D:4      | Found a glowing golden altar of the Shining One.
  3272 | D:4      | Found a shadowy altar of Dithmenos.
  3420 | D:5      | Found a staircase to the Ecumenical Temple.
  3441 | D:5      | Reached XP level 6. HP: 34/49 MP: 6/8
  3711 | D:5      | Reached XP level 7. HP: 51/55 MP: 9/9
  3853 | D:5      | You fall into a shaft and drop 2 floors!
  3868 | D:7      | Mangled by an ice beast

Illustrated notes

Levels and vault maps discovered:
D:1:      ldierk_walled_garden_2, layout_rooms
D:2:      layout_loops_ring
D:3:      layout_rooms, trog_eyes_of_draining, grunt_temple_overflow_open,
          uniq_natasha
D:4:      layout_basic, old_standard_altar, serial_shops, shop,
          ebering_ghost_inner_flame, nicolae_dithmenos_the_darkroom
D:5:      layout_basic, temple_fountains, first_ration, basic_altar
D:7:      layout_basic, serial_shops, nicolae_shop_window_shopping, uniq_pikel

Skill      XL: |  1  2  3  4  5  6 |
---------------+-------------------+-----
Dodging        | 1 |  1.4
Fighting       | 4 |  4.9
Armour         | 3 4 |  4.4
Axes           | 3 4 |  4.9
Invocations    | 3 |  3.3
Stealth        | |  0.3

Action                   |  1- 3 |  4- 6 |  7- 9 || total
-------------------------+-------+-------+-------++-------
Melee: Hand axe          |   124 |   219 |    48 ||   391
Invok: Depart the Abyss  |     1 |       |       ||     1
       Bend Space        |       |       |     1 ||     1
 Abil: Shaft Self        |       |     1 |     1 ||     2
Evoke: Wand              |       |     3 |       ||     3
  Use: Scroll            |     6 |     2 |     2 ||    10
       Potion            |       |     1 |     2 ||     3
  Eat: Chunk             |     3 |     7 |       ||    10
Armor: Leather armour    |    41 |       |       ||    41
       Ring mail         |     5 |    17 |       ||    22
       Chain mail        |       |   113 |    18 ||   131
Dodge: Dodged            |   103 |    87 |    22 ||   212

Table legend:
 A = Non-vault XP
 B = Vault XP
 C = Vault XP percentage of total XP
 D = Non-vault monster count
 E = Vault monster count
 F = Vault count percentage of total count
                 A         B        C        D         E       F
            +---------+---------+-------+---------+---------+-------
      Total |     679 |       0 |   0.0 |      72 |       0 |   0.0
            +---------+---------+-------+---------+---------+-------
        D:1 |      42 |       0 |   0.0 |      26 |       0 |   0.0
        D:2 |      31 |       0 |   0.0 |      14 |       0 |   0.0
        D:3 |       9 |       0 |   0.0 |       3 |       0 |   0.0
        D:4 |     115 |       0 |   0.0 |      11 |       0 |   0.0
        D:5 |     482 |       0 |   0.0 |      18 |       0 |   0.0
            +---------+---------+-------+---------+---------+-------
